 Dungeon Crawl Stone Soup version 0.29-a0-757-g358383bc75 (webtiles) character file.

Game seed: 16412295121332652164

671 lesbiats the Slasher (level 7, -12/58 HPs)
             Began as a Palentonga Berserker on June 29, 2022.
             Was a Follower of Trog.
             Mangled by an ogre
             ... wielding a +0 giant club
              (29 damage)
             ... on level 5 of the Dungeon on July 1, 2022.
             The game lasted 00:53:37 (6663 turns).

lesbiats the Slasher (Palentonga Berserker)         Turns: 6663, Time: 00:53:41

Health: -12/58     AC: 12    Str: 23    XL:     7   Next: 32%
Magic:  7/7        EV: 10    Int:  7    God:    Trog [*.....]
Gold:   276        SH:  0    Dex: 15    Spells: 6/6 levels left

rFire   . . .      SeeInvis +   s - +0 falchion (vamp)
rCold   . . .      Faith    .   m - orb {guile}
rNeg    . . .      Spirit   .   t - +0 leather armour
rPois   .          Reflect  .   v - +1 hat
rElec   .          Harm     .   (no cloak)
rCorr   .          Rampage  .   (no gloves)
Will    .....                   (no barding)
Stlth   +.........              (no amulet)
HPRegen 0.19/turn               C - +6 ring of dexterity
MPRegen 0.10/turn               (no ring)

@: on berserk cooldown, slowed, curled up, unable to read, very slow
A: large, rugged brown scales 3, see invisible, deformed body, roll 1, armoured
tail, reflexive curl, hooves 1, wild magic 1, inability to read while threatened
1
a: Rolling Charge, Renounce Religion, Berserk


You were on level 5 of the Dungeon.
You worshipped Trog.
Trog was aware of your devotion.
You visited 1 branch of the dungeon, and saw 5 of its levels.

You collected 276 gold pieces.

Inventory:

Hand Weapons
 a - a +0 falchion
 c - a +0 club
 d - a +0 whip
 e - a +0 long sword
 f - a +1 dagger of holy wrath
 o - a +0 quarterstaff
 s - a +0 vampiric falchion (weapon)
 x - a +0 whip
 y - a +0 sling
 E - the +4 giant spiked club "Possylu" {elec, Stlth+}
   (You took it off an ogre on level 3 of the Dungeon)

   It occasionally discharges a powerful burst of electricity upon striking a
   foe.
   Stlth:     It makes you more stealthy.
 I - a +0 sling
 K - a +0 lajatang
Missiles
 g - 5 poisoned darts
 h - 55 stones
 J - 5 boomerangs
Armour
 b - a +0 animal skin
 m - an orb of guile (worn)
 r - a +0 ring mail
 t - a +0 leather armour (worn)
 u - a +0 robe
 v - a +1 hat (worn)
 A - a +0 ring mail
 L - the +2 robe "Eherobl Ceru" {Contam rPois rC+ Str+4}
   (You found it on level 5 of the Dungeon)

   Str:       It affects your strength (+4).
   rC:        It protects you from cold.
   rPois:     It protects you from poison.
   Contam:    It causes magical contamination when unequipped.
Jewellery
 q - a ring of fire
 C - a +6 ring of dexterity (left hand)
Wands
 F - a wand of charming (7)
Scrolls
 i - a scroll of torment
 j - 2 scrolls of teleportation
 k - 2 scrolls of noise
 z - a scroll of enchant armour
 G - a scroll of magic mapping {unknown}
 H - 2 scrolls of immolation {unknown}
 M - a scroll of vulnerability {unknown}
Potions
 l - 2 potions of might
 n - 4 potions of curing
 p - 2 potions of flight
 B - 3 potions of attraction
 D - a potion of resistance {unknown}


   Skills:
 + Level 4.7 Fighting
 + Level 6.2 Long Blades
 + Level 2.6 Armour
 + Level 3.1 Dodging
 + Level 0.8 Stealth


You had 6 spell levels left.
You didn't know any spells.
Your spell library contained the following spells:

 Spells                   Type           Power      Damage    Failure   Level
 Shock                    Conj/Air       0%         1d3       56%         1
 Call Canine Familiar     Summ           0%         N/A       89%         3
 Ozocubu's Armour         Ice            0%         N/A       89%         3
 Portal Projectile        Hex/Tloc       0%         N/A       89%         3
 Swiftness                Air            0%         N/A       89%         3
 Airstrike                Air            0%         N/A       99%         4
 Leda's Liquefaction      Hex/Erth       0%         N/A       99%         4
 Metabolic Englaciation   Hex/Ice        0%         N/A       100%        5
 Simulacrum               Ice/Necr       0%         N/A       100%        6


Dungeon Overview and Level Annotations

Branches:
Dungeon (5/15)
 Temple: D:4-7

Altars:
Makhleb
Nemelex Xobeh
Qazlal
Vehumet
Wu Jian


Innate Abilities, Weirdness & Mutations

You are completely covered in rugged brown scales. (AC +3, +7% HP)
You have supernaturally acute eyesight. (SInv)
Armour fits poorly on your strangely shaped body.
You can roll at nearby foes to attack.
You have a long armoured tail.
You curl defensively after being hit. (AC +7*)
You have large cloven feet.
Your spells are a little harder to cast, but a little more powerful.
You occasionally lose the ability to read scrolls when taking damage.


Message History

You closely miss the adder.
The adder is almost dead.
You hear the slow rusting of a drain nearby.
The adder barely misses you. The adder closely misses you.
You hit the adder. You kick the adder, but do no damage.
The adder is almost dead.
The adder closely misses you. The adder misses you.
You closely miss the adder.
The adder is almost dead.
The adder misses you. The adder bites you.
You closely miss the adder.
The adder is almost dead.
The adder closely misses you. The adder bites you but does no damage.
You barely miss the adder. Your kick misses the adder.
The adder is almost dead.
The adder bites you but does no damage. The adder completely misses you.
You closely miss the adder. Your kick misses the adder.
The adder is almost dead.
The adder bites you but does no damage. The adder barely misses you.
You hit the adder but do no damage. You kick the adder.
You kill the adder!
Trog accepts your kill.
You hit the ogre.
You feel better.
The ogre is lightly wounded.
The ogre hits you with a +0 giant club!
A phantom comes into view.
A white imp comes into view.
The ogre hits you with a +0 giant club!
* * * LOW HITPOINT WARNING * * *
You hit the ogre. You kick the ogre.
You tail-slap the ogre, but do no damage.
The ogre is heavily wounded.
The ogre closely misses you.
You hit the ogre but do no damage. You kick the ogre.
Your tail-slap misses the ogre.
The ogre is heavily wounded.
You can read scrolls again.
The ogre hits you with a +0 giant club!!
You feel threatened and lose the ability to read scrolls!
Ouch! That really hurt!
You die...

#.# #.. #..# #...
....#####..<.
#.#..........
#.#..........
#..J)........
#.##[........
.######.##W)....###
.......@OJw......#
....###.##.......## .
####........#
#......#.#####
######.#......
#######.#......
#.............. ......#
##..............
......###................


You could see an ogre, a phantom, a worm and a jelly.

Vanquished Creatures
  2 ogres
  The ghost of omnomnOMINOUS the Trooper, an amateur OpWn (D:3)
  A howler monkey (D:4)
  A crimson imp (D:4)
  An orc priest (D:4)
  A hound (D:4)
  Jessica (D:2)
  Natasha (D:2)
  An orc wizard (D:4)
  8 adders
  4 gnolls (D:3)
  An ufetubus (D:4)
  2 worms
  A dart slug (D:1)
  15 orcs
  7 ball pythons
  4 bats
  4 endoplasms
  2 giant cockroaches
  9 goblins
  5 hobgoblins
  3 jackals (D:2)
  3 quokkas
  2 frilled lizards
  5 kobolds
  6 rats
91 creatures vanquished.

Vanquished Creatures (others)
  2 plants (D:2)
2 creatures vanquished.

Grand Total: 93 creatures vanquished

Notes
Turn   | Place    | Note
-------+----------+-------------------------------------------
     0 | D:1      | lesbiats the Palentonga Berserker began the quest for the
                  | Orb.
     0 | D:1      | Reached XP level 1. HP: 19/19 MP: 1/1
   404 | D:1      | Reached XP level 2. HP: 21/25 MP: 2/2
  1477 | D:2      | Upgraded the game from 0.29-a0-723-gce39da1c22 to
                  | 0.29-a0-732-g3d7fbe0af2
  1686 | D:2      | Noticed Jessica
  1704 | D:2      | Killed Jessica
  1705 | D:2      | Reached skill level 4 in Long Blades
  1705 | D:2      | Reached XP level 3. HP: 31/31 MP: 3/3
  1931 | D:2      | Found a faded altar of an unknown god.
  2081 | D:2      | Noticed Natasha
  2090 | D:2      | Reached XP level 4. HP: 33/39 MP: 4/4
  2093 | D:2      | Killed Natasha
  2681 | D:2      | Upgraded the game from 0.29-a0-732-g3d7fbe0af2 to
                  | 0.29-a0-757-g358383bc75
  3550 | D:3      | Reached XP level 5. HP: 40/44 MP: 5/5
  4457 | D:3      | Found a transporter.
  4459 | D:3      | Noticed omnomnOMINOUS's ghost (amateur OpWn)
  4750 | D:3      | Identified the +4 giant spiked club "Possylu" {elec,
                  | Stlth+}
  4750 | D:3      | Noticed an ogre
  4752 | D:3      | Found a transporter.
  4773 | D:3      | Killed an ogre
  4774 | D:3      | Reached skill level 5 in Long Blades
  4774 | D:3      | Reached XP level 6. HP: 51/51 MP: 6/6
  4776 | D:3      | Killed omnomnOMINOUS's ghost
  5161 | D:4      | Gained mutation: You are strong-willed. (Will+) [potion of
                  | mutation]
  5161 | D:4      | Gained mutation: You are clumsy. (Dex -2) [potion of
                  | mutation]
  5161 | D:4      | Gained mutation: Your spells are a little harder to cast,
                  | but a little more powerful. [potion of mutation]
  5164 | D:4      | Lost mutation: You are clumsy. (Dex -2) [potion of
                  | mutation]
  5164 | D:4      | Lost mutation: You are strong-willed. (Will+) [potion of
                  | mutation]
  5164 | D:4      | Gained mutation: You occasionally lose the ability to read
                  | scrolls when taking damage. [potion of mutation]
  5164 | D:4      | Gained mutation: You have large cloven feet. [potion of
                  | mutation]
  5195 | D:4      | Found a stormy altar of Qazlal.
  5263 | D:4      | Found a sparkling altar of Nemelex Xobeh.
  5304 | D:4      | Found an ornate altar of the Wu Jian Council.
  5324 | D:4      | HP: 2/52 [orc wizard/puff of flame (7)]
  6048 | D:4      | Found a burning altar of Makhleb.
  6049 | D:4      | Found a radiant altar of Vehumet.
  6248 | D:4      | Gained mutation: You curl defensively after being hit. (AC
                  | +7*) [Palentonga growth]
  6248 | D:4      | Reached XP level 7. HP: 53/58 MP: 7/7
  6363 | D:4      | Reached skill level 6 in Long Blades
  6553 | D:5      | Entered Level 5 of the Dungeon
  6558 | D:5      | Identified the +2 robe "Eherobl Ceru" {Contam rPois rC+
                  | Str+4}
  6640 | D:5      | HP: 4/87 [ogre/+0 giant club (20)]
  6663 | D:5      | Mangled by an ogre

Illustrated notes

Levels and vault maps discovered:
D:1:      roderic_chinese_lattice_arrival, layout_basic, serial_glass,
          glass_columns_b, glass_columns_b, glass_columns_b, glass_columns_b,
          glass_columns_c, glass_columns_b, glass_columns_a, glass_columns_c,
          glass_columns_c, glass_columns_c
D:2:      layout_basic, chequers_ecumenical_altar_simple,
          chequers_serial_rivers_micro_e, serial_bayou_pond_d, uniq_natasha,
          uniq_jessica
D:3:      layout_basic, gammafunk_ghost_smash, minmay_shallow_snake_nest
D:4:      kennysheep_six_static_rooms, layout_rooms,
          grunt_temple_overflow_lords_of_destruction, grunt_qazlal_clouds,
          mainiacjoe_overflow_catch_the_wave
D:5:      cheibrodos_fzero, layout_basic, nicolae_ru_awakened_eye,
          cheibriados_altar_1, lightli_sewer_entry_pipes, minmay_circle_x

Skill      XL: |  1  2  3  4  5  6  7 |
---------------+----------------------+-----
Long Blades    | 4 5 6 |  6.2
Dodging        | 2 3 |  3.1
Fighting       | 4 |  4.7
Armour         | 2 |  2.6
Stealth        | |  0.8

Action                   |  1- 3 |  4- 6 |  7- 9 || total
-------------------------+-------+-------+-------++-------
Melee: Long sword        |    65 |    47 |       ||   112
       Falchion          |     8 |   118 |    37 ||   163
       Tailslap          |     8 |    20 |     4 ||    32
       Punch             |     1 |       |       ||     1
       Kick              |       |    16 |    12 ||    28
Invok: Berserk           |     7 |     8 |     2 ||    17
 Abil: Rolling Charge    |     3 |     8 |       ||    11
  Use: Scroll            |     4 |     2 |     2 ||     8
       Potion            |     2 |     3 |     2 ||     7
 Stab: Distracted        |       |       |     1 ||     1
Armor: Animal skin       |    33 |    10 |       ||    43
       Ring mail         |       |     9 |       ||     9
       Leather armour    |       |    34 |    23 ||    57
Dodge: Dodged            |    38 |    81 |    36 ||   155

Table legend: (Time is in decaauts)
 A = Elapsed time spent in this place.
 B = Non-inter-level travel time spent in this place.
 C = Inter-level travel time spent in this place.
 D = Time resting spent in this place.
 E = Time spent auto-exploring this place.
 F = Levels seen in this place.
 G = Mean time per level.
                   A        B        C        D        E       F      G
               +--------+--------+--------+--------+--------+-----+--------+
         Total |   6841 |   6610 |    231 |   2176 |    621 |   5 | 1368.2 |
       Dungeon |   6841 |   6610 |    231 |   2176 |    621 |   5 | 1368.2 |
               +--------+--------+--------+--------+--------+-----+--------+

Top non-repeatable levels by time:
     D:3: 2395 daAuts
     D:1: 1449 daAuts
     D:4: 1442 daAuts
     D:2: 1437 daAuts
     D:5: 115 daAuts
